 Dungeon Crawl Stone Soup version 0.28-a0-1389-gc726bef33b (webtiles) character file.

Game seed: 16853542129459614608

11 ChaosChampion the Shield-Bearer (level 2, 0/16 HPs)
             Began as a Vine Stalker Fighter on Jan 3, 2022.
             Slain by Jessica (3 damage)
             ... on level 2 of the Dungeon.
             The game lasted 00:00:28 (463 turns).

ChaosChampion the Shield-Bearer (VSFi)               Turns: 463, Time: 00:00:29

Health: 0/16       AC:  6    Str: 18    XL:     2   Next: 29%
Magic:  0/3        EV:  9    Int:  8    God:
Gold:   65         SH:  4    Dex: 13    Spells: 1/1 levels left

rFire   . . .      SeeInvis .   a - +0 rapier
rCold   . . .      Faith    .   c - +0 buckler
rNeg    . . .      Spirit   +   b - +0 scale mail
rPois   .          Reflect  .   (no helmet)
rElec   .          Harm     .   (no cloak)
rCorr   .          Rampage  .   (no gloves)
Will    .....                   (no boots)
Stlth   ..........              (no amulet)
HPRegen 0.05/turn               (no ring)
MPRegen 0.08/turn               (no ring)

@: no status effects
A: fangs 2, magic shield, antimagic bite, no potion heal 2
a: no special abilities


You were on level 2 of the Dungeon.
You visited 1 branch of the dungeon, and saw 2 of its levels.

You collected 65 gold pieces.

Inventory:

Hand Weapons
 a - a +0 rapier (weapon)
Armour
 b - a +0 scale mail (worn)
 c - a +0 buckler (worn)
Jewellery
 f - a ring of protection from cold
Scrolls
 e - a scroll of noise {unknown}
 g - a scroll of identify {unknown}
Potions
 d - a potion of might


   Skills:
 + Level 2.8 Fighting
 + Level 2.0 Short Blades
 + Level 2.5 Armour
 + Level 0.4 Dodging
 + Level 2.8 Shields


You had one spell level left.
You didn't know any spells.
Your spell library was empty.

Dungeon Overview and Level Annotations

Branches:
Dungeon (2/15)

Altars:

Annotations:
D:2 Jessica


Innate Abilities, Weirdness & Mutations

You have extremely sharp teeth.
When hurt, damage is shared between your health and your magic reserves.
Your bite disrupts and absorbs the magic of your enemies.
Potions cannot restore your health.


Message History

No target in view!
No target in view!
No target in view!
No target in view!
A bat comes into view.
The bat moves out of view.
The bat hits you but does no damage.
You barely miss the bat. The bat barely misses you.
Found 8 gold pieces.
The bat barely misses you. The bat closely misses you.
You puncture the bat!
You kill the bat!
No target in view!
No target in view!
No target in view!
No target in view!
No target in view!
No target in view!
No target in view!
Jessica the Apprentice Sorceress comes into view.
She is wielding a +0 dagger.
Jessica shouts!
An endoplasm comes into view.
The endoplasm quivers.
Jessica gestures at you while chanting. Pain shoots through your body!
Ouch! That really hurt!
You are too injured to fight recklessly!
You are too injured to fight recklessly!
You are too injured to fight recklessly!
You are too injured to fight recklessly!
Jessica mumbles some strange words.
Jessica seems to speed up.
Jessica casts a spell.
Jessica blinks!
Jessica casts a spell at you. Pain shoots through your body!
* * * LOW HITPOINT WARNING * * *
Jessica gestures wildly.
Jessica hits you but does no damage.
You hit Jessica but do no damage. Jessica hits you with a +0 dagger.
You die...

#...........
####@..........
#........ยง..###
#.###########
#.#.......#
#J#.#####.#
#.#.#<..#.#
#@#.###.#.#
#@#.....#.#
#.#######.#
#.........#
###########


You could see Jessica (fast) and an endoplasm.

Vanquished Creatures
  A giant cockroach (D:1)
  2 hobgoblins (D:1)
  A kobold (D:1)
  A quokka (D:1)
  A ball python (D:1)
  2 bats (D:2)
  A frilled lizard (D:1)
  3 rats (D:1)
12 creatures vanquished.

Notes
Turn   | Place    | Note
-------+----------+-------------------------------------------
     0 | D:1      | ChaosChampion the Vine Stalker Fighter began the quest for
                  | the Orb.
     0 | D:1      | Reached XP level 1. HP: 11/11 MP: 2/2
   160 | D:1      | Reached XP level 2. HP: 15/16 MP: 3/3
   449 | D:2      | Noticed Jessica
   463 | D:2      | Slain by Jessica

Illustrated notes

Levels and vault maps discovered:
D:1:      nicolae_arrival_memento_mori, layout_basic
D:2:      layout_basic, uniq_jessica

Skill      XL: |  1  2 |
---------------+-------+-----
Short Blades   | 2 |  2.0
Fighting       | |  2.8
Armour         | |  2.5
Dodging        | |  0.4
Shields        | |  2.8

Action                   || total
-------------------------++-------
Melee: Rapier            ||    35
       Bite              ||     4
Armor: Scale mail        ||    20
Dodge: Dodged            ||    14
Block: Buckler           ||     7

Table legend: (Time is in decaauts)
 A = Elapsed time spent in this place.
 B = Non-inter-level travel time spent in this place.
 C = Inter-level travel time spent in this place.
 D = Time resting spent in this place.
 E = Time spent auto-exploring this place.
 F = Levels seen in this place.
 G = Mean time per level.
                   A        B        C        D        E       F      G
               +--------+--------+--------+--------+--------+-----+--------+
         Total |    467 |    443 |     24 |      0 |    354 |   2 |  233.5 |
       Dungeon |    467 |    443 |     24 |      0 |    354 |   2 |  233.5 |
               +--------+--------+--------+--------+--------+-----+--------+

Top non-repeatable levels by time:
     D:1: 410 daAuts
     D:2: 56 daAuts
